Map: Oceanborn LE

Players

Dark - Winner!

  • Race: Zerg Zerg
  • Spawn Location: 5:00

LiquidClem (Clem)

  • Race: Terran Terran
  • League: Master
  • Spawn Location: 11:00

VOD

Have the link to the VOD?

Description

Time

  • Played on: Dec. 11, 2023, 9:30 a.m.
  • Length: 12:10
Show
View Real Time Build Order
Export as new Build Order

Dark Zerg - Winner!

Build Orders: Hatch First 

Get SALT Encoding   

  12  0:00  Drone  
  13  0:11  Overlord  
  13  0:16  Drone  
  14  0:30  Drone x2  
  16  0:49  Hatchery  
  15  0:52  Drone  
  15  0:54  Drone  
  17  0:57  Drone  
  18  1:08  Extractor  
  17  1:12  Spawning Pool  
  17  1:15  Drone  
  17  1:19  Drone  
  18  1:27  Drone  
  19  1:39  Drone  
  20  1:49  Drone  
  21  2:00  Queen x2  
  25  2:01  Zergling x4  
  27  2:08  Metabolic Boost  
  27  2:11  Overlord  
  27  2:16  Drone  
  27  2:21  Drone, Extractor  
  29  2:34  Drone x3  
  31  2:38  Queen x2  
  35  2:48  Overlord  
  35  2:58  Hatchery  
  35  2:59  Drone  
  35  3:01  Drone  
  35  3:08  Drone x2  
  35  3:09  Drone  
  35  3:10  Drone  
  39  3:16  Queen  
  41  3:22  Overlord  
  41  3:24  Drone  
  41  3:25  Drone  
  43  3:29  Overlord  
  43  3:37  Overlord  
  43  3:38  Drone  
  44  3:41  Drone x2  
  44  3:42  Drone x2  
  44  3:48  Drone x3  
  51  3:53  Extractor  
  50  3:55  Evolution Chamber  
  50  3:56  Evolution Chamber  
  50  4:00  Queen  
  50  4:03  Zergling x4  
  50  4:04  Drone  
  50  4:07  Drone  
  50  4:09  Drone  
  55  4:10  Drone  
  56  4:18  Drone x5  
  61  4:24  Zergling x2  
  61  4:26  Queen  
  64  4:32  Zerg Melee Weapons Level 1  
  64  4:33  Drone x2  
  64  4:36  Drone x2  
  64  4:37  Drone  
  68  4:39  Drone x2  
  68  4:44  Zerg Ground Armor Level 1  
  68  4:45  Drone  
  71  4:51  Spore Crawler  
  70  4:55  Drone x3  
  70  4:59  Overlord  
  73  5:01  Spore Crawler  
  73  5:03  Spore Crawler  
  73  5:05  Overlord  
  73  5:06  Overlord  
  71  5:07  Zergling x4  
  71  5:09  Overlord  
  73  5:14  Lair  
  73  5:18  Zergling x14  
  80  5:22  Zergling x2  
  80  5:23  Zergling x2  
  80  5:24  Overlord  
  80  5:27  Zergling x4  
  84  5:43  Zergling x18  
  84  5:45  Zergling x4  
  84  5:48  Hatchery  
  94  5:57  Baneling Nest  
  93  6:01  Queen  
  93  6:03  Zergling x6  
  90  6:05  Drone  
  90  6:06  Drone  
  90  6:07  Drone  
  90  6:10  Drone x3  
  90  6:11  Queen  
  91  6:15  Queen  
  91  6:16  Drone  
  91  6:17  Extractor x2  
  87  6:18  Drone  
  87  6:19  Infestation Pit  
  87  6:22  Drone  
  87  6:24  Drone  
  88  6:28  Zerg Melee Weapons Level 2  
  88  6:29  Drone  
  88  6:31  Drone  
  90  6:36  Drone  
  90  6:39  Zerg Ground Armor Level 2  
  89  6:40  Drone x2  
  89  6:44  Drone  
  92  6:53  Centrifugal Hooks  
  92  6:54  Drone x8  
  92  6:55  Hatchery  
  98  7:01  Drone  
  98  7:02  Drone  
  98  7:04  Extractor  
  98  7:05  Hive  
  98  7:06  Zergling x4  
  100  7:13  Drone x3, Spore Crawler  
  100  7:14  Overseer  
  102  7:20  Zergling x6  
  102  7:21  Zergling x2  
  102  7:22  Zergling x2  
  107  7:26  Zergling x2  
  107  7:27  Zergling x4  
  107  7:28  Zergling x2  
  111  7:35  Zergling x2  
  111  7:36  Overlord x5  
  112  7:39  Overlord  
  112  7:42  Overlord  
  112  7:45  Baneling x10  
  112  7:47  Baneling  
  112  7:51  Overlord, Hatchery  
  111  7:54  Zergling x2  
  111  7:56  Zergling x20  
  122  8:00  Zergling x8  
  126  8:09  Zergling x12  
  131  8:14  Burrow  
  131  8:17  Adrenal Glands  
  130  8:20  Ultralisk Cavern  
  130  8:26  Drone x4  
  132  8:27  Zergling x10  
  132  8:28  Zergling x10  
  142  8:36  Zergling x12  
  145  8:41  Baneling x7  
  145  8:42  Viper  
  145  8:44  Zergling x8  
  149  8:56  Zergling x16  
  149  8:57  Zergling x14  
  149  8:58  Viper  
  142  9:13  Zergling x18  
  138  9:17  Zergling x14  
  139  9:26  Chitinous Plating  
  139  9:29  Zergling x22  
  146  9:37  Drone x3  
  146  9:38  Drone x2  
  151  9:42  Ultralisk  
  151  9:43  Zergling x8  
  160  9:48  Zergling x2  
  160  9:49  Zergling x4  
  159  9:59  Zergling x2  
  158  10:00  Zergling x26  
  158  10:01  Pneumatized Carapace  
  158  10:04  Baneling x5  
  167  10:10  Drone  
  167  10:11  Zergling x16  
  163  10:25  Zergling x20  
  151  10:34  Ultralisk x2  
  151  10:35  Zergling x6  
  152  10:38  Zergling x4  
  152  10:39  Overseer x2, Zergling x4  
  152  10:42  Zergling x8  
  159  10:45  Anabolic Synthesis  
  159  10:47  Zergling x2  
  159  10:48  Zergling x8  
  159  10:49  Baneling  
  163  10:50  Baneling x6  
  163  10:52  Zergling x2  
  163  10:53  Zergling x6  
  163  10:54  Overseer  
  163  10:56  Hatchery  
  166  10:58  Zergling x4  
  166  11:00  Zergling x4  
  166  11:02  Baneling x4  
  168  11:04  Zergling x4  
  168  11:08  Zergling x10  
  168  11:13  Zergling x14  
  171  11:20  Zergling x2  
  171  11:21  Zergling x2, Baneling  
  171  11:23  Zergling x8  
  157  11:44  Zergling x24  
  157  11:46  Baneling x6  
  157  11:47  Zergling x2  
  159  11:49  Zergling x8  
Show
View Real Time Build Order
Export as new Build Order

LiquidClem Terran 

Build Orders: Reaper Expand, Hellion Banshee 

Get SALT Encoding   

  12  0:00  SCV  
  13  0:12  SCV  
  14  0:17  Supply Depot  
  14  0:25  SCV  
  15  0:38  SCV  
  15  0:40  Barracks  
  16  0:43  Refinery  
  16  0:50  SCV  
  17  1:03  SCV  
  18  1:15  SCV  
  19  1:27  Reaper, Orbital Command  
  20  1:38  Command Center  
  20  1:47  Supply Depot  
  20  1:52  SCV  
  21  1:58  Marine  
  22  2:04  SCV  
  23  2:13  Factory  
  23  2:16  SCV  
  23  2:21  Barracks Reactor  
  24  2:29  SCV  
  25  2:39  Command Center  
  25  2:41  SCV  
  26  2:51  Orbital Command  
  26  2:53  SCV  
  27  3:04  Hellion x2  
  30  3:06  SCV  
  31  3:13  Starport  
  31  3:17  Refinery  
  31  3:18  SCV  
  32  3:22  SCV  
  32  3:26  Barracks Tech Lab  
  33  3:31  SCV  
  33  3:33  Hellion  
  36  3:34  SCV  
  36  3:37  Hellion  
  39  3:43  SCV  
  39  3:46  SCV  
  41  3:52  Orbital Command  
  41  3:55  SCV  
  42  3:58  Banshee, SCV  
  46  4:03  Cloaking Field  
  46  4:04  Hellion  
  46  4:06  Hellion  
  46  4:07  SCV  
  51  4:10  SCV  
  51  4:12  Barracks Tech Lab  
  51  4:13  Supply Depot  
  52  4:17  SCV  
  52  4:19  SCV  
  52  4:24  SCV  
  55  4:32  Marine  
  55  4:34  Barracks, SCV  
  55  4:37  Supply Depot  
  58  4:38  Barracks, SCV x2  
  58  4:41  Banshee  
  62  4:46  SCV  
  62  4:48  Combat Shield  
  62  4:50  SCV, Marine  
  62  4:52  SCV  
  66  4:53  Factory Reactor  
  66  4:55  Refinery x2  
  66  4:58  Engineering Bay, SCV  
  66  4:59  Engineering Bay  
  67  5:01  Orbital Command  
  67  5:02  SCV  
  67  5:03  Supply Depot  
  68  5:07  Marine  
  68  5:10  SCV  
  70  5:14  SCV  
  70  5:17  Barracks  
  70  5:18  Barracks  
  71  5:22  SCV  
  71  5:25  Marine  
  71  5:26  SCV, Supply Depot  
  71  5:27  SCV  
  75  5:29  Marine x2  
  75  5:33  Terran Infantry Weapons Level 1  
  75  5:34  Starport Reactor  
  75  5:35  SCV  
  78  5:36  Terran Infantry Armor Level 1  
  78  5:37  Marine  
  78  5:38  Marine  
  78  5:39  SCV x2  
  82  5:43  Marine  
  82  5:44  Supply Depot  
  82  5:47  Siege Tank  
  82  5:48  SCV  
  87  5:50  Marine  
  87  5:51  SCV  
  87  5:52  SCV  
  87  5:53  Supply Depot, Marine  
  87  5:55  Marine  
  92  6:00  SCV, Marine  
  92  6:02  Marine  
  92  6:03  SCV  
  83  6:04  SCV, Marine  
  78  6:13  SCV, Marine  
  78  6:15  SCV  
  78  6:17  SCV  
  76  6:19  Marine x2  
  76  6:23  Orbital Command  
  76  6:24  Marine x2  
  76  6:25  Marine x2  
  81  6:29  SCV  
  81  6:30  SCV, Marine  
  86  6:37  Marine  
  86  6:38  Medivac x2  
  86  6:39  Marine  
  89  6:41  SCV  
  89  6:42  Marine  
  89  6:43  SCV  
  89  6:45  Supply Depot  
  91  6:47  Siege Tank  
  91  6:49  SCV  
  91  6:53  SCV  
  96  6:54  Barracks Reactor x2  
  96  6:55  SCV, Marine  
  99  7:01  SCV  
  99  7:05  Marine x2  
  99  7:06  SCV, Marine  
  99  7:07  SCV  
  104  7:09  Supply Depot  
  104  7:11  Marine  
  104  7:13  SCV  
  106  7:16  Supply Depot  
  106  7:18  SCV  
  106  7:19  SCV  
  106  7:20  Armory  
  108  7:26  Siege Tank  
  108  7:27  SCV  
  112  7:30  SCV  
  112  7:32  Refinery, Factory, Marine x4  
  112  7:34  Marine  
  112  7:35  Marine x2  
  120  7:38  SCV  
  120  7:39  SCV, Supply Depot  
  120  7:42  SCV  
  123  7:44  Stimpack  
  123  7:46  Marine  
  123  7:50  SCV  
  123  7:51  Command Center, Supply Depot  
  125  7:53  Marine x3  
  125  7:54  Marine x2  
  125  7:57  SCV  
  131  7:59  Medivac  
  131  8:00  Medivac  
  131  8:01  Widow Mine, Marine  
  131  8:03  Marine  
  131  8:04  Marine x2  
  141  8:08  SCV  
  141  8:12  Marine  
  141  8:18  Factory Reactor  
  140  8:21  Terran Infantry Weapons Level 2  
  140  8:25  Barracks, Terran Infantry Armor Level 2  
  140  8:27  Barracks  
  140  8:28  Widow Mine  
  140  8:29  Barracks  
  140  8:33  SCV x3, Supply Depot  
  140  8:34  Marine x3  
  146  8:35  Refinery  
  146  8:38  Marine  
  149  8:49  Supply Depot  
  149  8:55  Widow Mine, Marine x6  
  157  9:02  Medivac x2, Marine x2  
  157  9:03  Widow Mine, SCV  
  148  9:11  Widow Mine  
  148  9:12  Marine  
  148  9:15  SCV x3  
  148  9:16  Marine x2  
  148  9:17  Widow Mine  
  138  9:18  Marine  
  138  9:19  Marine  
  138  9:20  Marine x2  
  138  9:23  Marine x5  
  137  9:24  Widow Mine  
  137  9:27  SCV x3  
  137  9:29  Marine  
  139  9:34  Marine x2  
  139  9:36  Marine  
  139  9:37  Widow Mine  
  139  9:38  Marine  
  144  9:39  SCV x3  
  144  9:42  Drilling Claws  
  148  9:47  Marine  
  148  9:51  SCV x3  
  151  9:56  Marine x3  
  151  9:59  Widow Mine, Medivac  
  149  10:01  Marine  
  149  10:02  Marine  
  149  10:03  SCV x2  
  149  10:05  SCV  
  154  10:07  Barracks Tech Lab x3  
  154  10:10  Supply Depot  
  154  10:11  Widow Mine  
  87  10:14  Supply Depot, Medivac  
  156  10:15  Planetary Fortress  
  156  10:17  Widow Mine  
  156  10:19  Marine  
  159  10:22  Widow Mine  
  159  10:24  Marine x8  
  159  10:25  SCV x2  
  159  10:27  Marine x3  
  164  10:29  Medivac  
  164  10:32  Widow Mine  
  152  10:37  Marine  
  152  10:41  Widow Mine, SCV  
  152  10:42  Marine  
  155  10:43  SCV x2, Marauder  
  155  10:44  Medivac  
  155  10:45  Marauder x2  
  155  10:47  Marauder  
  165  10:53  SCV  
  166  10:57  Widow Mine  
  166  10:58  Widow Mine, Liberator  
  175  11:04  SCV, Marauder  
  175  11:05  SCV  
  175  11:06  Marauder x2  
  175  11:09  Marauder, Marine  
  175  11:10  SCV  
  178  11:15  SCV  
  179  11:19  Widow Mine, SCV  
  184  11:25  Marauder  
  184  11:26  Command Center, Sensor Tower  
  184  11:28  Widow Mine, Marauder  
  184  11:31  Marauder  
  184  11:32  Marauder  
  178  11:34  Orbital Command  
  164  11:43  Marine  
  164  11:44  Widow Mine, Marine x4  
  164  11:45  Marine  
  150  11:47  Marauder  
  150  11:49  Marauder, Marine x2  
Tags
 
Add a new tag
Caveats
  • Supply blocks, unpowered buildings, or Contaminate may cause inaccurate times.
  • Supply counts are checked every 10 seconds.